 Dungeon Crawl Stone Soup version 0.28.0-43-g3370ac3207 (webtiles) character file.

Game seed: 16301154350804964418

27 Exporg the Shield-Bearer (level 3, 0/30 HPs)
             Began as a Formicid Fighter on Mar 5, 2022.
             Slain by Sigmund
             ... wielding a +0 scythe
              (10 damage)
             ... on level 2 of the Dungeon.
             The game lasted 00:00:55 (904 turns).

Exporg the Shield-Bearer (Formicid Fighter)          Turns: 904, Time: 00:00:55

Health: 0/30       AC:  6    Str: 20    XL:     3   Next: 25%
Magic:  3/3        EV:  9    Int:  7    God:
Gold:   121        SH:  0    Dex: 12    Spells: 2/2 levels left

rFire   . . .      SeeInvis +   a - +0 war axe
rCold   . . .      Faith    .   c - +0 buckler
rNeg    . . .      Spirit   .   b - +0 scale mail
rPois   .          Reflect  .   (helmet unavailable)
rElec   .          Harm     .   (no cloak)
rCorr   .          Rampage  .   (no gloves)
Will    .....                   (no boots)
Stlth   ..........              (no amulet)
HPRegen 0.10/turn               (no ring)
MPRegen 0.08/turn               (no ring)

@: confused, mighty
A: permanent stasis, dig shafts and tunnels, antennae 3, four strong arms
a: Dig, Shaft Self


You were on level 2 of the Dungeon.
You visited 1 branch of the dungeon, and saw 2 of its levels.

You collected 121 gold pieces.

Inventory:

Hand Weapons
 a - a +0 war axe (weapon)
Armour
 b - a +0 scale mail (worn)
 c - a +0 buckler (worn)
Scrolls
 e - a scroll of identify {unknown}


   Skills:
 + Level 3.7 Fighting
 + Level 2.4 Axes
 + Level 3.5 Armour
 + Level 0.5 Dodging
 + Level 3.7 Shields


You had 2 spell levels left.
You didn't know any spells.
Your spell library was empty.

Dungeon Overview and Level Annotations

Branches:
Dungeon (2/15)

Altars:

Annotations:
D:2 Sigmund


Innate Abilities, Weirdness & Mutations

You cannot be hasted, slowed, berserked, paralysed or teleported.
You can dig through walls and to a lower floor.
You have a pair of large antennae on your head. (SInv)
Your four strong arms can wield two-handed weapons with a shield.


Message History

You kill the bat!
No target in view!
No target in view!
A ball python comes into view.
The ball python hisses angrily.
A ball python is nearby!
You hit the ball python.
The ball python is moderately wounded.
The ball python bites you but does no damage.
You block the ball python's attack. The ball python closely misses you.
The ball python barely misses you.
You hit the ball python.
You kill the ball python!
No target in view!
Found an escape hatch in the ceiling.
Found a stone staircase leading down.
You sense a monster nearby.
Sigmund the Dreaded comes into view.
He is wielding a +0 scythe.
Sigmund shouts!
Sigmund hits you from afar with a +0 scythe.
You feel very mighty all of a sudden. Sigmund barely misses you.
You closely miss Sigmund. Sigmund hits you with a +0 scythe!
You slash Sigmund!
Sigmund is heavily wounded.
Sigmund hits you with a +0 scythe!
* * * LOW HITPOINT WARNING * * *
You barely miss Sigmund.
Sigmund is heavily wounded.
Sigmund gestures at you while chanting. You resist with some effort.
You slash Sigmund!
Sigmund is almost dead.
Sigmund gestures at you while chanting.
You are confused.
You bump into the rock wall.
Sigmund hits you but does no damage.
You bump into the rock wall.
Sigmund barely misses you.
You barely miss Sigmund.
Sigmund is almost dead.
Sigmund hits you with a +0 scythe!
You die...

##...##
#.#.†.# ##+#
#.#.#.#
#.#.#.#
########.#.#.#
#...>........#
..#####.##.###
#.##.#
...#####.##.#
......@@...<#
##.#####.####
#.# #.# ..#
###


You could see Sigmund.

Vanquished Creatures
  A dart slug (D:1)
  6 bats
  An endoplasm (D:1)
  A giant cockroach (D:1)
  A goblin (D:1)
  A hobgoblin (D:1)
  A quokka (D:1)
  2 ball pythons
  10 frilled lizards (D:1)
  2 kobolds
  A rat (D:1)
27 creatures vanquished.

Notes
Turn   | Place    | Note
-------+----------+-------------------------------------------
     0 | D:1      | Exporg the Formicid Fighter began the quest for the Orb.
     0 | D:1      | Reached XP level 1. HP: 18/18 MP: 1/1
   201 | D:1      | Reached XP level 2. HP: 23/24 MP: 2/2
   230 | D:1      | Found a faded altar of an unknown god.
   448 | D:1      | Reached XP level 3. HP: 29/29 MP: 3/3
   895 | D:2      | Noticed Sigmund
   904 | D:2      | Slain by Sigmund

Illustrated notes

Levels and vault maps discovered:
D:1:      lightli_arrival_flooded_house, layout_loops_ring,
          shapermc_ecumenical_altar_hornbeckon, chequers_mini_garden,
          minmay_lizard_pond
D:2:      layout_loops_corners, serial_forest, infiniplex_forest_lined_room_2,
          infiniplex_forest_clump_C, infiniplex_forest_lined_2,
          infiniplex_forest_clump_long, infiniplex_forest_corner_1,
          infiniplex_forest_lined_2, uniq_sigmund

Action                   || total
-------------------------++-------
Melee: War axe           ||    56
  Use: Potion            ||     1
Armor: Scale mail        ||    50
Dodge: Dodged            ||    40
Block: Buckler           ||    24
